 Dungeon Crawl Stone Soup version 0.30-a0-1066-g63dfefce0d (webtiles) character file.

Game seed: 11759247032136105629

66 retardedninja the Trooper (level 4, -4/46 HPs)
             Began as a Naga Fighter on Apr 12, 2023.
             Slain by Sigmund
             ... wielding a +0 scythe
              (8 damage)
             ... on level 3 of the Dungeon.
             The game lasted 00:02:32 (2115 turns).

retardedninja the Trooper (Naga Fighter)            Turns: 2115, Time: 00:02:33

Health: -4/46      AC:  8    Str: 17 (20) XL:     4   Next: 15%
Magic:  4/4        EV:  5    Int:  7 (9)  God:
Gold:   139        SH:  4    Dex:  7 (10) Spells: 3/3 levels left

rFire   . . .      SeeInvis +    a - +0 war axe
rCold   . . .      Faith    .    c - +0 buckler
rNeg    . . .      Spirit   .    k - +0 chain mail
rPois   +          Reflect  .    (no helmet)
rElec   .          Rampage  .    (no cloak)
rCorr   .                        (no gloves)
Will    .....                    (no barding) Stlth
                                 (no amulet)
HPRegen 0.27/turn                (no ring)
MPRegen 0.09/turn                (no ring)

@: mighty, hasted, invisible, quick
A: AC +1, large, see invisible, deformed body, poison resistance, slowness 2,
spit poison 1, naga tail 1, iridescent scales 1, robust 1
a: Spit Poison


You were on level 3 of the Dungeon.
You visited 1 branch of the dungeon, and saw 3 of its levels.

You collected 139 gold pieces.

Inventory:

Hand Weapons
 a - a +0 war axe (weapon)
Armour
 b - a +0 scale mail
 c - a +0 buckler (worn)
 k - a +0 chain mail (worn)
Jewellery
 h - a +6 ring of dexterity
 o - a +6 ring of strength
Scrolls
 g - a scroll of enchant weapon {unknown}
 i - a scroll of blinking {unknown}
 j - a scroll of immolation {unknown}
 p - a scroll of brand weapon {unknown}
 q - a scroll of fog {unknown}
 s - a scroll of enchant armour {unknown}
Potions
 e - a potion of invisibility
 f - 2 potions of attraction
 n - 2 potions of lignification


   Skills:
 + Level 3.4 Fighting
 * Level 3.0 Axes
 + Level 2.8 Armour
 + Level 3.1 Shields


You had 3 spell levels left.
You didn't know any spells.
Your spell library was empty.

Dungeon Overview and Level Annotations

Branches:
Dungeon (3/15)

Altars:
Cheibriados
Fedhas

Annotations:
D:3 Sigmund


Innate Abilities, Weirdness & Mutations

Your serpentine skin is tough. (AC +1)
You have supernaturally acute eyesight. (SInv)
Armour fits poorly on your strangely shaped body.
Your system is resistant to poisons. (rPois)
You cover ground very slowly.
You can spit poison.
You have a snake-like lower body.
You are partially covered in iridescent scales. (AC +2)
You are robust. (+10% HP)


Message History

The endoplasm quivers.
Sigmund hits you with a +0 scythe.
You're too confused to move!
Sigmund gestures wildly while chanting.
Sigmund flickers and vanishes for a moment.
You miss Sigmund.
You feel less confused. Sigmund hits you with a +0 scythe!
You hit Sigmund.
Sigmund is lightly wounded.
Sigmund hits you with a +0 scythe!
You completely miss Sigmund.
Sigmund is lightly wounded.
Sigmund hits you with a +0 scythe!
* * * LOW HITPOINT WARNING * * *
It was a potion of curing.
You feel better. Sigmund hits you with a +0 scythe!
* * * LOW HITPOINT WARNING * * *
It was a potion of mutation.
You feel extremely strange.
Iridescent scales grow over part of your body.
You feel robust.
It was a potion of degeneration.
There was something very wrong with that liquid.
You feel weakened.
You feel dopey.
You feel clumsy. Sigmund barely misses you.
It was a potion of haste.
You feel yourself speed up. Sigmund barely misses you.
You fade into invisibility!
You slash Sigmund!
Sigmund is heavily wounded.
Sigmund drinks a potion.
Sigmund is healed!
You closely miss Sigmund.
Sigmund is moderately wounded.
Sigmund hits you with a +0 scythe.
* * * LOW HITPOINT WARNING * * *
You hit Sigmund.
Sigmund is heavily wounded.
You barely miss Sigmund.
Sigmund is heavily wounded.
Sigmund hits you with a +0 scythe!
You die...

#### ...#############
.#.............##
..........>##...#####.##
.###.......#..#........#
#.##............#####..#
.##.......###.##
.##.......# #.######..#
###.......# #..@@J.)...
# ##.#.#### #####.....#
#... ###?# #... ....


You could see Sigmund (invisible, unable to see you) and an endoplasm.

Vanquished Creatures
  2 worms
  A dart slug (D:1)
  5 orcs
  4 endoplasms
  2 giant cockroaches (D:1)
  3 goblins
  3 hobgoblins (D:1)
  5 jackals
  3 kobolds (D:1)
  5 quokkas
  7 ball pythons
  A bat (D:1)
  3 frilled lizards
  3 rats (D:1)
47 creatures vanquished.

Notes
Turn   | Place    | Note
-------+----------+-------------------------------------------
     0 | D:1      | retardedninja the Naga Fighter began the quest for the Orb.
     0 | D:1      | Reached XP level 1. HP: 21/21 MP: 1/1
   143 | D:1      | Reached XP level 2. HP: 28/28 MP: 2/2
   588 | D:1      | Found a faded altar of an unknown god.
   606 | D:1      | Reached XP level 3. HP: 34/34 MP: 3/3
  1833 | D:3      | Found a blossoming altar of Fedhas.
  1833 | D:3      | Found a snail-covered altar of Cheibriados.
  1862 | D:3      | Reached XP level 4. HP: 42/42 MP: 4/4
  2097 | D:3      | Noticed Sigmund
  2108 | D:3      | Gained mutation: You are partially covered in iridescent
                  | scales. (AC +2) [potion of mutation]
  2108 | D:3      | Gained mutation: You are robust. (+10% HP) [potion of
                  | mutation]
  2115 | D:3      | Slain by Sigmund

Illustrated notes

Levels and vault maps discovered:
D:1:      minmay_arrival_split_and_join, layout_basic,
          chequers_ecumenical_altar_island, amcnicky_mini_pool_small,
          minmay_tetromino_o4
D:2:      layout_basic
D:3:      layout_loops_ring, gammafunk_temple_overflow_statue,
          ebering_ghost_disaster_area, kennysheep_generic_room_6, uniq_sigmund

Skill      XL: |  1  2  3  4 |
---------------+-------------+-----
Shields        | 3 |  3.1
Axes           | 3 |  3.0
Fighting       | |  3.4
Armour         | |  2.8

Action                     |  1- 3 |  4- 6 || total
---------------------------+-------+-------++-------
  Melee: War axe           |   127 |    26 ||   153
    Use: Scroll            |     3 |       ||     3
         Potion            |       |     6 ||     6
 Armour: Scale mail        |    19 |       ||    19
         Chain mail        |    52 |     8 ||    60
  Dodge: Dodged            |    33 |     6 ||    39
  Block: Buckler           |    26 |     5 ||    31

Table legend: (Time is in decaauts)
 A = Elapsed time spent in this place.
 B = Non-inter-level travel time spent in this place.
 C = Inter-level travel time spent in this place.
 D = Time resting spent in this place.
 E = Time spent auto-exploring this place.
 F = Levels seen in this place.
 G = Mean time per level.
                   A        B        C        D        E       F      G
               +--------+--------+--------+--------+--------+-----+--------+
         Total |   2763 |   2716 |     47 |    137 |   2113 |   3 |  921.0 |
       Dungeon |   2763 |   2716 |     47 |    137 |   2113 |   3 |  921.0 |
               +--------+--------+--------+--------+--------+-----+--------+

Top non-repeatable levels by time:
     D:2: 1285 daAuts
     D:1: 1091 daAuts
     D:3: 385 daAuts
